 Dungeon Crawl Stone Soup version 0.18-a0-1575-g920359c (webtiles) character file.

65 namelastname112 the Insei (level 3, 0/31 HPs)
             Began as a Draconian Monk on Mar 16, 2016.
             Was a Follower of Ru.
             Slain by a gnoll
             ... wielding a +0 spear
              (11 damage)
             ... on level 3 of the Dungeon.
             The game lasted 00:01:49 (1492 turns).

namelastname112 the Insei (Draconian Monk)          Turns: 1492, Time: 00:01:49

Health: 0/31       AC:  5    Str: 13    XL:     3   Next: 94%
Magic:  3/3        EV: 13    Int: 10    God:    Ru [*.....]
Gold:   136        SH:  0    Dex: 14    Spells: 0 memorised, 2 levels left

rFire  . . .     SeeInvis .       - Unarmed
rCold  . . .     Gourm    .     (armour unavailable)
rNeg   . . .     Faith    .     (no shield)
rPois  .         Spirit   .     (helmet restricted)
rElec  .         Dismiss  .     (no cloak)
rCorr  .         Reflect  .     (no gloves)
SustAt .         Harm     .     (no boots)
MR     .....                    (no amulet)
Stlth  ++........               (no ring)
                                (no ring)

@: not resistant to hostile enchantments, unstealthy
A: unfitting armour, cold-blooded, unskilled 1, AC +5
a: Renounce Religion


You were on level 3 of the Dungeon.
You worshipped Ru.
Ru was aware of your devotion.
You were not hungry.

You visited 1 branch of the dungeon, and saw 3 of its levels.

You collected 136 gold pieces.

Inventory:

Wands
 k - a wand of confusion (19/48)
Scrolls
 b - 3 scrolls of identify {unknown}
 e - a scroll of noise {unknown}
 f - a scroll of immolation {unknown}
 g - a scroll of teleportation {unknown}
 j - a scroll of remove curse {unknown}
Potions
 c - a potion of haste {unknown}
 d - a potion of curing {unknown}
 h - a potion of lignification {unknown}
 i - a potion of berserk rage {unknown}
Comestibles
 a - 2 bread rations


   Skills:
 - Level 3.0 Fighting
 - Level 2.4 Dodging
 - Level 1.5 Stealth
 + Level 5.0 Unarmed Combat


You had 2 spell levels left.
You didn't know any spells.

Dungeon Overview and Level Annotations

Branches:
Dungeon (3/15)

Altars:
Elyvilon
Ru


Innate Abilities, Weirdness & Mutations

Your plain brown scales are hard (AC +5).
Your body does not fit into most forms of armour.
You are cold-blooded and may be slowed by cold attacks.
You are somewhat unskilled (-1 Apt).


Message History

The gnoll shouts!
You hear a shout! x2
The gnoll hits you with a spear!
You hit the gnoll.
The gnoll is moderately wounded.
The gnoll closely misses you. The gnoll hits you but does no damage.
You barely miss the gnoll.
The gnoll is moderately wounded.
The gnoll hits you with a spear. The gnoll misses you.
You punch the gnoll!
The gnoll is almost dead.
The gnoll hits you from afar with a spear.
The gnoll hits you with a spear.
You barely miss the gnoll.
The gnoll is almost dead.
You hit the gnoll but do no damage. You tail-slap the gnoll.
You kill the gnoll!
Your Unarmed Combat skill increases to level 5!
The gnoll hits you from afar with a spear!
The gnoll hits you with a spear!
You die...

##### ....##
. ..†..# ..#
...#.###...#.
...+.....(..>
...#..##....#
...##.# ..##
#####.#
##.######
#.## #gg@...#
#..# ######.#
##.# #...#
#.###...#
#.###
#..##...# #.#
##.##...# #.#
#..#...# #.#
##.#...# #.#
#.#...#
#.########


You could see 2 gnolls.

Vanquished Creatures
  An adder (D:2)
  3 gnolls
  A worm (D:2)
  4 giant cockroaches
  2 goblins
  2 hobgoblins
  4 jackals (D:3)
  A quokka (D:2)
  3 bats
  2 giant newts
  2 kobolds
  2 rats
27 creatures vanquished.

Notes
Turn   | Place    | Note
--------------------------------------------------------------
     0 | D:1      | namelastname112 the Draconian Monk began the quest for the Orb.
     0 | D:1      | Reached XP level 1. HP: 19/19 MP: 1/1
   374 | D:1      | Reached XP level 2. HP: 19/26 MP: 2/2
   799 | D:2      | Found a white marble altar of Elyvilon.
   856 | D:2      | Found a sacrificial altar of Ru.
   941 | D:2      | Became a worshipper of Ru the Awakened
   959 | D:2      | Gained mutation: You are somewhat unskilled (-1 Apt). [Ru sacrifice]
   959 | D:2      | Reached * piety under Ru
  1186 | D:3      | Reached XP level 3. HP: 26/31 MP: 3/3
  1491 | D:3      | Reached skill level 5 in Unarmed Combat
  1492 | D:3      | Slain by a gnoll

Vault maps used:
D:1:      minmay_arrival_widening_spiral_wide, roderic_roman_lattice,
          minmay_liquid_box
D:2:      lemuel_doored_altar, elyvilon_altar_1

Skill      XL: |  1  2  3 |
---------------+----------+-----
Unarmed Combat | 5 |  5.0
Fighting       | |  3.0
Dodging        | |  2.4
Stealth        | |  1.5

Action                   || total
-------------------------++-------
Melee: Unarmed           ||    96
Invok: Sacrifice Skill   ||     1
 Stab: Sleeping          ||     1
  Eat: Chunk             ||     2
